[Event "January 2 Late 2024"]
[Site "https://www.chess.com"]
[Date "2024.01.02"]
[Round "4"]
[White "Fernandez Hernandez, Gerardo"]
[Black "Zarubitski, Viachaslau"]
[Result "0-1"]
[Board "35"]
[TimeControl "180+1"]
[WhiteFideId "2207400"]
[BlackFideId "13509373"]
[WhiteElo "2339"]
[BlackElo "2720"]
[WhiteTeam "ESP"]
[BlackTeam "BLR"]
[WhiteClock "0:00:00"]
[BlackClock "0:00:10"]

1. e4 c5 2. d3 Nc6 3. g3 g6 4. Bg2 Bg7 5. f4 d6 6. Nf3 Nf6 7. O-O O-O 8. h3 Rb8 9. a4 a6 10. Nh4 Bd7 11. Nc3 b5 12. axb5 axb5 13. g4 b4 14. Nd5 Nxd5 15. exd5 Nd4 16. f5 e6 17. dxe6 fxe6 18. fxe6 Bxe6 19. Rxf8+ Qxf8 20. Be3 Qf6 21. Nf3 Nxf3+ 22. Qxf3 Qxf3 23. Bxf3 Bxb2 24. Ra6 Be5 25. Bxc5 dxc5 26. Rxe6 Bd4+ 27. Kg2 b3 28. Bd5 bxc2 29. Re2+ Kg7 30. Rxc2 Rd8 31. Bc4 Re8 32. Ra2 Kh6 33. Rc2 Re3 34. Kh2 Kg5 35. Kg2 Kh4 36. Ra2 Rg3+ 37. Kh2 Rxh3+ 38. Kg2 Rg3+ 39. Kh2 Kxg4 40. Rg2 Rxg2+ 41. Kxg2 h5 42. Be6+ Kf4 43. Kh3 g5 44. Bf7 g4+ 45. Kg2 h4 46. Bh5 h3+ 47. Kh2 Kg5 48. Bf7 Kh4 49. Bd5 g3+ 50. Kh1 g2+ 51. Bxg2 hxg2+ 52. Kxg2 Kg4 53. Kf1 Kf3 54. Ke1 Ke3 55. Kd1 Kxd3 56. Kc1 c4 0-1

[Event "January 2 Late 2024"]
[Site "https://www.chess.com"]
[Date "2024.01.02"]
[Round "4"]
[White "Vachier-Lagrave, Maxime"]
[Black "Jing, Andrew"]
[Result "1-0"]
[Board "36"]
[TimeControl "180+1"]
[WhiteFideId "623539"]
[BlackFideId "30984076"]
[WhiteElo "3188"]
[BlackElo "2161"]
[WhiteTeam "FRA"]
[BlackTeam "USA"]
[WhiteClock "0:00:42"]
[BlackClock "0:00:16"]

1. e4 e5 2. Nf3 Nc6 3. Bb5 Nf6 4. d3 d6 5. O-O Bd7 6. c3 g6 7. Re1 Bg7 8. Nbd2 O-O 9. a4 a6 10. Bc4 h6 11. a5 Kh7 12. b4 Ne7 13. Bb2 Nh5 14. d4 Nf4 15. Nf1 Be6 16. Bxe6 Nxe6 17. d5 Nf4 18. g3 Nh5 19. c4 f5 20. N1d2 f4 21. g4 Nf6 22. h3 Qd7 23. Kh2 g5 24. Rg1 Ng6 25. Qa4 Qe7 26. Rac1 Nd7 27. Ba3 Rfc8 28. c5 Bf8 29. c6 bxc6 30. Rxc6 Nb8 31. Rc3 Ra7 32. Rgc1 Rb7 33. Qc2 Qd7 34. Nc4 Re8 35. Rb3 Be7 36. Bb2 Bf6 37. Bc3 Kg7 38. Qe2 Qb5 39. Be1 Rh8 40. Nfd2 Nh4 41. f3 Ng6 42. Nb1 h5 43. Kg2 hxg4 44. hxg4 Rh7 45. Bf2 Qe8 46. Rh1 Rxh1 47. Kxh1 Qh8+ 48. Kg1 Nh4 49. Nc3 Ng6 50. b5 axb5 51. Rxb5 Rxb5 52. Nxb5 Na6 53. Nd2 Qc8 54. Qc4 Qb7 55. Kg2 Ne7 56. Na7 Kg6 57. Nc6 Nxc6 58. dxc6 Nb4 59. cxb7 1-0

[Event "January 2 Late 2024"]
[Site "https://www.chess.com"]
[Date "2024.01.02"]
[Round "4"]
[White "Garcia, Erick"]
[Black "Aronian, Levon"]
[Result "0-1"]
[Board "37"]
[TimeControl "180+1"]
[WhiteFideId "2058880"]
[BlackFideId "13300474"]
[WhiteElo "2614"]
[BlackElo "3102"]
[WhiteTeam "USA"]
[BlackTeam "USA"]
[WhiteClock "0:00:40"]
[BlackClock "0:01:59"]

1. d4 Nf6 2. c4 c5 3. d5 g6 4. Nc3 Bg7 5. e4 O-O 6. Nf3 d6 7. h3 Nbd7 8. Bd3 e6 9. O-O a6 10. a4 b6 11. Re1 e5 12. Bg5 h6 13. Be3 Nh7 14. Qd2 f5 15. exf5 gxf5 16. Bxh6 Qf6 17. Bxg7 Kxg7 18. Bc2 Kh8 19. Nh2 Rg8 20. f4 Ra7 21. Kh1 e4 22. Nd1 Qh6 23. Rf1 Ndf6 24. Ne3 Nh5 25. Rf2 Rag7 26. Qc3 N7f6 27. a5 bxa5 28. Rxa5 Kh7 29. Kg1 Nxf4 30. Kh1 N6h5 31. Nhf1 Ng3+ 32. Nxg3 Rxg3 33. Qd2 Nxh3 34. gxh3 Qxh3+ 0-1

[Event "January 2 Late 2024"]
[Site "https://www.chess.com"]
[Date "2024.01.02"]
[Round "4"]
[White "Duda, Jan-Krzysztof"]
[Black "Titus, Andrew"]
[Result "1-0"]
[Board "38"]
[TimeControl "180+1"]
[WhiteFideId "1170546"]
[BlackFideId "2059770"]
[WhiteElo "3048"]
[BlackElo "2614"]
[WhiteTeam "POL"]
[BlackTeam "USA"]
[WhiteClock "0:02:07"]
[BlackClock "0:00:46"]

1. g3 d5 2. Bg2 Nf6 3. Nf3 e6 4. d3 Be7 5. Nbd2 O-O 6. e4 dxe4 7. dxe4 c5 8. e5 Nfd7 9. O-O Nc6 10. Re1 Qc7 11. Qe2 b6 12. c3 Bb7 13. a4 Rfd8 14. h4 Nf8 15. h5 Rd7 16. h6 g6 17. Nc4 Rad8 18. Bg5 Ba6 19. Qe4 Bxc4 20. Qxc4 Bxg5 21. Nxg5 Nxe5 22. Qf4 f6 23. Nxe6 Nxe6 24. Qxf6 Nf8 25. Rxe5 Rf7 26. Qg5 Kh8 27. Bd5 Rdd7 28. Rae1 Qd6 29. Bxf7 Rxf7 30. Rd5 Qc6 31. Rd8 Qf3 32. Rxf8+ Rxf8 33. Qe5+ Rf6 34. Qxf6+ Qxf6 35. Re8+ 1-0

[Event "January 2 Late 2024"]
[Site "https://www.chess.com"]
[Date "2024.01.02"]
[Round "4"]
[White "Fedoseev, Vladimir"]
[Black "Golubev, Mikhail"]
[Result "1-0"]
[Board "39"]
[TimeControl "180+1"]
[WhiteFideId "24130737"]
[BlackFideId "14100983"]
[WhiteElo "3019"]
[BlackElo "2613"]
[WhiteTeam "SLO"]
[BlackTeam "UKR"]
[WhiteClock "0:00:15"]
[BlackClock "0:00:00"]

1. Nf3 d6 2. d4 Nf6 3. Nc3 Bg4 4. e4 e6 5. h3 Bh5 6. g4 Bg6 7. Qe2 d5 8. exd5 Nxd5 9. Ne5 Nc6 10. Nxc6 bxc6 11. Ne4 h5 12. Bg2 hxg4 13. hxg4 Rxh1+ 14. Bxh1 Qh4 15. Bf3 Qh2 16. Qc4 Qg1+ 17. Ke2 Kd7 18. b3 Bxe4 19. Bxe4 Qxg4+ 20. Bf3 Qf5 21. Bd2 Bd6 22. Rg1 Bf4 23. Bxf4 Nxf4+ 24. Kd2 Nd5 25. Qd3 Qxd3+ 26. Kxd3 g6 27. c4 Ne7 28. Re1 Rh8 29. Re5 Rh3 30. Ke2 Nf5 31. Bg2 Nxd4+ 32. Kf1 Rc3 33. Be4 Rc1+ 34. Kg2 f6 35. Ra5 f5 36. Bd3 Rd1 37. Bf1 f4 38. f3 Nf5 39. Be2 Rd2 40. Kf2 Nd4 41. Re5 Kd6 42. Re4 Rxe2+ 43. Rxe2 Nxe2 44. Kxe2 Ke5 45. Kd3 g5 46. b4 Kf5 47. a4 e5 48. b5 cxb5 49. cxb5 Ke6 50. Ke4 Kd6 51. a5 c6 52. b6 axb6 53. a6 Kc7 54. Kxe5 b5 55. Kf5 Kb6 56. Kxg5 b4 57. Kxf4 b3 58. Ke5 b2 59. f4 b1=Q 60. a7 Qb2+ 61. Kd6 Ka6 62. a8=Q+ Kb6 63. Qb8+ 1-0

[Event "January 2 Late 2024"]
[Site "https://www.chess.com"]
[Date "2024.01.02"]
[Round "4"]
[White "Ambartsumova, Karina"]
[Black "Xiong, Jeffery"]
[Result "0-1"]
[Board "40"]
[TimeControl "180+1"]
[WhiteFideId "4166299"]
[BlackFideId "2047640"]
[WhiteElo "2608"]
[BlackElo "3013"]
[WhiteTeam "RUS"]
[BlackTeam "USA"]
[WhiteClock "0:00:03"]
[BlackClock "0:01:02"]

1. d4 g6 2. e4 Bg7 3. Nc3 a6 4. Be3 d6 5. h4 h6 6. f3 b5 7. Qd2 Bb7 8. Nh3 Nd7 9. a4 b4 10. Ne2 c5 11. c3 a5 12. Ng3 e6 13. Nf2 Ne7 14. Bb5 Bc6 15. Bxc6 Nxc6 16. h5 g5 17. O-O O-O 18. Rfd1 bxc3 19. bxc3 cxd4 20. cxd4 f5 21. exf5 exf5 22. Ne2 f4 23. Qa2+ Kh8 24. Bd2 Qe8 25. Bc3 Qxh5 26. Qd5 Nb4 27. Qxd6 Qe8 28. d5 Ra6 29. Qc7 Rf7 30. Bxg7+ Kxg7 31. Nd4 Nf6 32. Qc4 Nfxd5 33. Re1 Ne3 34. Qc3 Kg6 35. Ng4 Re7 36. Qb3 Kh5 37. Nxe3 Rxe3 38. g4+ Kg6 39. Qb1+ Kf6 40. Qf5+ Kg7 41. Kg2 Rxe1 42. Rxe1 Qxe1 43. Qd7+ Kf6 44. Qf5+ Ke7 45. Qc5+ Kd7 46. Qb5+ Rc6 47. Qf5+ Kc7 48. Qf7+ Kb6 49. Nxc6 Qe2+ 50. Kg1 Qe1+ 51. Kg2 Qg3+ 52. Kh1 Qxf3+ 53. Kh2 Qg3+ 54. Kh1 Qh3+ 55. Kg1 Qxg4+ 56. Kh1 Qh3+ 57. Kg1 Nxc6 58. Qb3+ Qxb3 0-1

[Event "January 2 Late 2024"]
[Site "https://www.chess.com"]
[Date "2024.01.02"]
[Round "4"]
[White "Olenik Campa, Rudi"]
[Black "Iturrizaga Bonelli, Eduardo"]
[Result "0-1"]
[Board "41"]
[TimeControl "180+1"]
[WhiteFideId "14633264"]
[BlackFideId "3901211"]
[WhiteElo "2606"]
[BlackElo "2973"]
[WhiteTeam "SLO"]
[BlackTeam "ESP"]
[WhiteClock "0:00:03"]
[BlackClock "0:00:43"]

1. e4 c5 2. Nf3 e6 3. c4 a6 4. Nc3 Nc6 5. d4 cxd4 6. Nxd4 Nge7 7. Be3 Ng6 8. Be2 Qc7 9. Qd2 Be7 10. Rc1 O-O 11. O-O Bf6 12. Nd5 exd5 13. cxd5 Qe5 14. dxc6 dxc6 15. Qc2 Nf4 16. Bf3 Be6 17. Nxe6 Nxe6 18. b4 Rfd8 19. Rfd1 Bg5 20. Bxg5 Qxg5 21. g3 Nd4 22. Qc3 Rd6 23. Kg2 Rad8 24. h4 Qe5 25. Rd3 Nxf3 26. Rxf3 Qxe4 27. Re1 Qd5 28. Kh2 Re6 29. Rxe6 Qxe6 30. Re3 Qxa2 31. Kg2 Qd5+ 32. Kh2 h6 33. Re7 Rd7 34. Re8+ Kh7 35. Qe3 Qf5 36. Re5 Qc2 37. Re8 Qf5 38. Kg2 Rd3 39. Qe2 Qd5+ 40. Kh2 Rd1 41. Re4 f5 0-1

[Event "January 2 Late 2024"]
[Site "https://www.chess.com"]
[Date "2024.01.02"]
[Round "4"]
[White "Zomorrodian, Eilia"]
[Black "Salem, A.R. Saleh"]
[Result "0-1"]
[Board "42"]
[TimeControl "180+1"]
[WhiteFideId "12551805"]
[BlackFideId "9301348"]
[WhiteElo "2590"]
[BlackElo "2965"]
[WhiteTeam "CAN"]
[BlackTeam "UAE"]
[WhiteClock "0:00:10"]
[BlackClock "0:00:50"]

1. e4 e5 2. Nf3 Nc6 3. Bc4 Nf6 4. d3 Bc5 5. c3 a6 6. Nbd2 d6 7. Bb3 O-O 8. h3 Re8 9. Nf1 d5 10. Qe2 a5 11. Ba4 Rb8 12. Bb5 a4 13. Bxa4 b5 14. Bb3 Be6 15. Ng3 Na5 16. Bc2 dxe4 17. Nxe4 Nxe4 18. Qxe4 Bd5 19. Qg4 b4 20. O-O Rb6 21. Nh4 Be7 22. Nf3 Rg6 23. Qh5 Qa8 24. Kh2 Bd6 25. Nh4 Bxg2 26. Nxg6 hxg6 27. Qe2 Bf3 28. Qe1 e4+ 29. Kg1 Qc8 0-1

[Event "January 2 Late 2024"]
[Site "https://www.chess.com"]
[Date "2024.01.02"]
[Round "4"]
[White "Grycel, Kamil"]
[Black "Yoo, Christopher Woojin"]
[Result "0-1"]
[Board "43"]
[TimeControl "180+1"]
[WhiteFideId "1115499"]
[BlackFideId "30909694"]
[WhiteElo "2589"]
[BlackElo "2933"]
[WhiteTeam "POL"]
[BlackTeam "USA"]
[WhiteClock "0:00:04"]
[BlackClock "0:00:16"]

1. d4 d5 2. Bf4 Nf6 3. Nf3 c5 4. c3 Qb6 5. Qb3 Nc6 6. e3 c4 7. Qc2 Bf5 8. Qc1 e6 9. Nbd2 Rc8 10. h3 h6 11. Be2 Be7 12. Bd1 O-O 13. Bc2 Qa6 14. Bxf5 exf5 15. Qc2 Ne4 16. g4 g5 17. Bh2 fxg4 18. hxg4 Nxd2 19. Nxd2 Nd8 20. Bg3 Kg7 21. Nf3 Qg6 22. Qd2 f6 23. O-O-O Nf7 24. Qc2 Qxc2+ 25. Kxc2 Bd6 26. Rhg1 Rfe8 27. Nd2 b5 28. Rde1 Bxg3 29. Rxg3 Nd6 30. Rgg1 a5 31. f3 Re6 32. Re2 Rce8 33. Rge1 f5 34. gxf5 Nxf5 35. e4 Ng3 36. Rg2 Nh5 37. e5 Nf4 38. Rh2 Rg6 39. Reh1 Rf8 40. Nf1 Ne6 41. Rh3 g4 42. fxg4 Rf2+ 43. Kb1 Nf4 44. R3h2 Rf3 45. Rg1 Kh7 46. Nd2 Re3 47. Rf2 Nd3 48. Rf7+ Rg7 49. Nf3 Rxf7 50. Nh4 Re2 51. g5 Rxb2+ 52. Ka1 hxg5 53. Ng2 Rff2 54. Rh1+ Kg6 0-1

[Event "January 2 Late 2024"]
[Site "https://www.chess.com"]
[Date "2024.01.02"]
[Round "4"]
[White "Kovalev, Vladislav"]
[Black "Palczert, Matyas"]
[Result "1-0"]
[Board "44"]
[TimeControl "180+1"]
[WhiteFideId "13504398"]
[BlackFideId "784958"]
[WhiteElo "2921"]
[BlackElo "2583"]
[WhiteTeam "FID"]
[BlackTeam "HUN"]
[WhiteClock "0:00:55"]
[BlackClock "0:00:03"]

1. e4 c5 2. Nf3 e6 3. c3 Nf6 4. e5 Nd5 5. d4 cxd4 6. cxd4 d6 7. Bc4 Be7 8. O-O O-O 9. Qe2 b6 10. Bxd5 exd5 11. Nc3 Be6 12. Rd1 Nc6 13. Qb5 Rc8 14. Nxd5 Bxd5 15. Qxd5 dxe5 16. dxe5 Qxd5 17. Rxd5 Nb4 18. Rd1 Rfd8 19. Rxd8+ Rxd8 20. Bd2 Nd3 21. Bc3 Bc5 22. Rd1 Rd5 23. Kf1 Kf8 24. Ne1 Nb4 25. Rxd5 Nxd5 26. Nd3 Nxc3 27. bxc3 Ba3 28. Ke2 Ke7 29. Ke3 Ke6 30. Ke4 g5 31. c4 Be7 32. g4 f6 33. f4 gxf4 34. Nxf4+ Kd7 35. e6+ Kd6 36. Kf5 a6 37. Nd5 Bd8 38. Nxf6 Kc5 39. Nxh7 Kxc4 40. g5 Kc3 41. g6 Kc2 42. g7 1-0

[Event "January 2 Late 2024"]
[Site "https://www.chess.com"]
[Date "2024.01.02"]
[Round "4"]
[White "Tari, Aryan"]
[Black "Aggelis, Nikolaos"]
[Result "1-0"]
[Board "45"]
[TimeControl "180+1"]
[WhiteFideId "1510045"]
[BlackFideId "4213220"]
[WhiteElo "2907"]
[BlackElo "2581"]
[WhiteTeam "NOR"]
[BlackTeam "GRE"]
[WhiteClock "0:00:05"]
[BlackClock "0:00:13"]

1. d4 f5 2. Nf3 Nf6 3. g3 g6 4. Bg2 Bg7 5. O-O O-O 6. c4 d6 7. Nc3 c6 8. Rb1 a5 9. a3 Na6 10. b4 axb4 11. axb4 Nc7 12. b5 Kh8 13. b6 Na6 14. d5 cxd5 15. cxd5 Bd7 16. Nd4 Nc5 17. Bf4 Ra6 18. Qd2 Rxb6 19. Bh6 Rxb1 20. Rxb1 Qa5 21. Bxg7+ Kxg7 22. Qe3 Rf7 23. Ne6+ Bxe6 24. dxe6 Rf8 25. Nd5 Qa2 26. Rd1 Nxd5 27. Bxd5 Qb2 28. h4 Ra8 29. Kg2 Ra1 30. Rd2 Qc1 31. Qd4+ Kg8 32. Kh3 Nb3 33. Qb6 Qxd2 34. Qd8+ Kg7 35. Qxe7+ Kh6 36. Qf8+ Kh5 37. Bf3# 1-0

[Event "January 2 Late 2024"]
[Site "https://www.chess.com"]
[Date "2024.01.02"]
[Round "4"]
[White "AmanteDeMoi"]
[Black "Zhigalko, Sergei"]
[Result "0-1"]
[Board "46"]
[TimeControl "180+1"]
[BlackFideId "13502956"]
[WhiteElo "2578"]
[BlackElo "2907"]
[BlackTeam "BLR"]
[WhiteClock "0:00:00"]
[BlackClock "0:00:03"]

1. Nf3 d5 2. e3 Nf6 3. c4 e6 4. b3 Bd6 5. Bb2 O-O 6. Be2 b6 7. O-O Bb7 8. d4 Nbd7 9. Nc3 a6 10. Qc2 Qe7 11. Rac1 Rfe8 12. h3 Rad8 13. Rfd1 h6 14. Nd2 c5 15. dxc5 bxc5 16. Nf3 Nb6 17. cxd5 exd5 18. Nh4 Bb8 19. Bf3 Qc7 20. Ne2 Qh2+ 21. Kf1 Ne4 22. Bxe4 Rxe4 23. Nf3 Qh1+ 24. Neg1 Bd6 25. Ba3 Rc8 26. Qe2 d4 27. Nxd4 Rxd4 28. exd4 Bxg2+ 29. Ke1 Bf4 30. Qg4 Qxg1+ 31. Ke2 Re8+ 32. Kd3 Qxf2 33. Rc2 Be4+ 0-1

[Event "January 2 Late 2024"]
[Site "https://www.chess.com"]
[Date "2024.01.02"]
[Round "4"]
[White "Cervantes Landeiro, Thalia"]
[Black "Brodsky, David"]
[Result "1/2-1/2"]
[Board "47"]
[TimeControl "180+1"]
[WhiteFideId "3520498"]
[BlackFideId "2073250"]
[WhiteElo "2568"]
[BlackElo "2890"]
[WhiteTeam "USA"]
[BlackTeam "USA"]
[WhiteClock "0:00:19"]
[BlackClock "0:00:08"]

1. d4 Nf6 2. c4 e6 3. Nf3 b6 4. g3 Ba6 5. Qa4 Bb7 6. Bg2 c5 7. dxc5 Bxc5 8. O-O O-O 9. Nc3 Ne4 10. Nxe4 Bxe4 11. Rd1 h6 12. Bf4 Qf6 13. b4 Be7 14. Be5 Qf5 15. Bxb8 Raxb8 16. Rxd7 Bf6 17. Rc1 Rbc8 18. Qxa7 Bb2 19. Rcd1 Bc2 20. Nd4 Bxd4 21. R1xd4 e5 22. Rd2 Rxc4 23. h3 Be4 24. Bxe4 Qxe4 25. Qxb6 Rxb4 26. Qd6 Rb1+ 27. Rd1 Rb2 28. a4 Qxe2 29. Rf1 Ra2 30. Rd8 Rxd8 31. Qxd8+ Kh7 32. Qd7 f6 33. Qf5+ Kg8 34. Qe6+ Kh7 35. Qf5+ Kg8 36. Qe6+ Kh7 37. Qf5+ 1/2-1/2

[Event "January 2 Late 2024"]
[Site "https://www.chess.com"]
[Date "2024.01.02"]
[Round "4"]
[White "Lymar, Vladislav"]
[Black "Rustemov, Alexander"]
[Result "0-1"]
[Board "48"]
[TimeControl "180+1"]
[WhiteFideId "14162180"]
[BlackFideId "4119002"]
[WhiteElo "2565"]
[BlackElo "2860"]
[WhiteTeam "UKR"]
[BlackTeam "RUS"]
[WhiteClock "0:00:36"]
[BlackClock "0:01:42"]

1. f4 d5 2. Nf3 Nf6 3. g3 g6 4. Bg2 Bg7 5. O-O O-O 6. d3 b6 7. Ne5 Bb7 8. Nd2 c5 9. c4 Nc6 10. Ndf3 Rc8 11. Nxc6 Bxc6 12. Ne5 Ba8 13. Qa4 dxc4 14. Bxa8 Rxa8 15. Qxc4 Rc8 16. Be3 Nd5 17. Bf2 e6 18. a3 Qc7 19. Qe4 f5 20. Qa4 Bxe5 21. fxe5 Qc6 22. Qxc6 Rxc6 23. Rfc1 Rfc8 24. Rc2 c4 25. Rac1 cxd3 26. Rxc6 Rxc6 27. Re1 d2 28. Rd1 Rc1 0-1

[Event "January 2 Late 2024"]
[Site "https://www.chess.com"]
[Date "2024.01.02"]
[Round "4"]
[White "Batsuren, Dambasuren"]
[Black "Taboas Rodriguez, Daniel"]
[Result "1-0"]
[Board "49"]
[TimeControl "180+1"]
[WhiteFideId "4902920"]
[BlackFideId "2208466"]
[WhiteElo "2849"]
[BlackElo "2567"]
[WhiteTeam "MGL"]
[BlackTeam "ESP"]
[WhiteClock "0:01:18"]
[BlackClock "0:00:00"]

1. d4 Nf6 2. c4 g6 3. g3 Bg7 4. Bg2 O-O 5. Nc3 d6 6. Nf3 Nbd7 7. O-O e5 8. e4 c6 9. h3 a5 10. b3 exd4 11. Nxd4 Re8 12. Be3 Nc5 13. Qc2 Qe7 14. Rfe1 h5 15. f3 Nfd7 16. Bf2 Ne5 17. Rad1 a4 18. f4 axb3 19. axb3 Ned7 20. b4 Ne6 21. Nf5 gxf5 22. exf5 Qf6 23. fxe6 Qxc3 24. exd7 Bxd7 25. Rxe8+ Rxe8 26. Qxc3 Bxc3 27. Rxd6 Be6 28. b5 Bb4 29. Rd1 Rc8 30. bxc6 bxc6 31. c5 Kf8 32. Rd6 Ra8 33. Rd1 Ra5 34. Rc1 Bd7 35. h4 Ke7 36. Bf3 Ba3 37. Ra1 Bg4 38. Bxc6 Bb4 39. Rxa5 Bxa5 40. Bd5 f6 41. Kg2 1-0

[Event "January 2 Late 2024"]
[Site "https://www.chess.com"]
[Date "2024.01.02"]
[Round "4"]
[White "Kotlyar, Kirill"]
[Black "Maksimovic, Bojan"]
[Result "0-1"]
[Board "50"]
[TimeControl "180+1"]
[WhiteFideId "24145599"]
[BlackFideId "14408120"]
[WhiteElo "2557"]
[BlackElo "2844"]
[WhiteTeam "RUS"]
[BlackTeam "BIH"]
[WhiteClock "0:01:20"]
[BlackClock "0:00:59"]

1. e4 g6 2. d4 Nf6 3. Nc3 d5 4. e5 Ne4 5. Nce2 f6 6. f3 Ng5 7. Bxg5 fxg5 8. Qd2 c5 9. c3 Nc6 10. Nh3 Bxh3 11. gxh3 e6 12. Rg1 cxd4 13. cxd4 Qb6 14. a3 Be7 15. Rd1 Rf8 16. f4 gxf4 17. Nxf4 Bh4+ 18. Ke2 g5 19. Qd3 Rxf4 20. Qxh7 Qxb2+ 21. Rd2 Nxd4+ 22. Ke3 Rf3# 0-1

[Event "January 2 Late 2024"]
[Site "https://www.chess.com"]
[Date "2024.01.02"]
[Round "4"]
[White "Bachmann, Axel"]
[Black "Rama, Tejas"]
[Result "1-0"]
[Board "51"]
[TimeControl "180+1"]
[WhiteFideId "3700488"]
[BlackFideId "30907381"]
[WhiteElo "2819"]
[BlackElo "2551"]
[WhiteTeam "PAR"]
[BlackTeam "USA"]
[WhiteClock "0:00:31"]
[BlackClock "0:00:01"]

1. Nf3 Nf6 2. c4 e6 3. b3 d5 4. Bb2 Bd6 5. e3 O-O 6. Nc3 c5 7. cxd5 exd5 8. d4 b6 9. dxc5 bxc5 10. Nxd5 Ne4 11. Bd3 Qa5+ 12. Nd2 Nxd2 13. Qxd2 Qxd2+ 14. Kxd2 Bb7 15. Be4 Nc6 16. Rhd1 Rad8 17. Ke1 Nb4 18. Ke2 Ba6+ 19. Ke1 c4 20. a3 Nxd5 21. Bxd5 cxb3 22. Bxb3 Bxh2 23. Rxd8 Rxd8 24. Bd4 Bb8 25. Rb1 h6 26. Ba2 Bd3 27. Rb7 Bg6 28. g4 a5 29. Bb6 Rc8 30. f4 Kf8 31. f5 Bg3+ 32. Kd2 Bh7 33. Rxf7+ Ke8 34. Rxg7 1-0

[Event "January 2 Late 2024"]
[Site "https://www.chess.com"]
[Date "2024.01.02"]
[Round "4"]
[White "Seemann, Jakub"]
[Black "Klenburg, Michael"]
[Result "1-0"]
[Board "52"]
[TimeControl "180+1"]
[WhiteFideId "21874697"]
[BlackFideId "14102072"]
[WhiteElo "2813"]
[BlackElo "2547"]
[WhiteTeam "POL"]
[BlackTeam "ISR"]
[WhiteClock "0:00:08"]
[BlackClock "0:00:00"]

1. b3 d6 2. Bb2 Nd7 3. g3 Ngf6 4. Bg2 g6 5. e3 Bg7 6. Ne2 O-O 7. O-O e5 8. d3 Re8 9. Nd2 c6 10. h3 d5 11. a3 Nf8 12. c4 h5 13. Rc1 N8h7 14. Rc2 Ng5 15. h4 Ngh7 16. Qa1 Ng4 17. cxd5 cxd5 18. b4 a5 19. b5 a4 20. Rfc1 g5 21. Nf3 gxh4 22. Nxh4 Ng5 23. Rc7 Ne6 24. R7c2 d4 25. exd4 Nxd4 26. Nxd4 exd4 27. Rc5 Qf6 28. Rf1 Be6 29. Nf3 Rad8 30. Rxh5 Bd5 31. Bxd4 Bxf3 32. Bxf6 Bxf6 33. Qa2 Bxg2 34. Kxg2 Rxd3 35. Qc4 Rd4 36. Qc2 Red8 37. Qf5 Kf8 38. Rh7 R8d5 39. Qc8+ Rd8 40. Qxb7 R4d7 41. Qe4 Ne5 42. Rfh1 Ng6 43. Qg4 Re7 44. Qf3 Bg7 45. Rxg7 Kxg7 46. b6 Rb8 47. Qc3+ Kg8 48. Qc5 Reb7 49. Rb1 Kg7 50. Rb4 Kg8 51. Qd4 Kf8 52. Rxa4 Rxb6 53. Rb4 Rxb4 54. axb4 Rb7 55. Qc5+ Ke8 56. b5 Kd7 57. Qc6+ 1-0

[Event "January 2 Late 2024"]
[Site "https://www.chess.com"]
[Date "2024.01.02"]
[Round "4"]
[White "Mendez Fortes, Eduardo Jesus"]
[Black "Pichot, Alan"]
[Result "0-1"]
[Board "53"]
[TimeControl "180+1"]
[WhiteFideId "3502376"]
[BlackFideId "110973"]
[WhiteElo "2546"]
[BlackElo "2810"]
[WhiteTeam "CUB"]
[BlackTeam "ESP"]
[WhiteClock "0:00:10"]
[BlackClock "0:01:03"]

1. e4 c5 2. Nf3 e6 3. d4 cxd4 4. Nxd4 Nc6 5. Nc3 Qc7 6. Be3 a6 7. Qd2 Nf6 8. O-O-O b5 9. Nxc6 Qxc6 10. f3 Bb7 11. Bd4 b4 12. Ne2 d5 13. Bxf6 gxf6 14. Qf4 Rc8 15. Nd4 Qc5 16. exd5 Bxd5 17. Bxa6 h5 18. Bb5+ Ke7 19. Nf5+ exf5 20. Rhe1+ Be4 21. Rxe4+ fxe4 22. Qxe4+ Qe5 23. Qb7+ Rc7 24. Rd7+ Ke6 25. Qxc7 Bh6+ 26. Kd1 Qxb5 27. Rd6+ Kf5 28. c4 bxc3 29. g4+ hxg4 30. fxg4+ Kg6 31. Qxc3 Qf1+ 32. Kc2 Qc1+ 33. Kb3 Rb8+ 34. Kc4 Rc8+ 0-1

[Event "January 2 Late 2024"]
[Site "https://www.chess.com"]
[Date "2024.01.02"]
[Round "4"]
[White "Pakleza, Zbigniew"]
[Black "Pham, Le Thao Nguyen"]
[Result "1-0"]
[Board "54"]
[TimeControl "180+1"]
[WhiteFideId "1119290"]
[BlackFideId "12401226"]
[WhiteElo "2807"]
[BlackElo "2546"]
[WhiteTeam "POL"]
[BlackTeam "VIE"]
[WhiteClock "0:00:03"]
[BlackClock "0:00:15"]

1. d4 d5 2. Bf4 c5 3. c3 cxd4 4. cxd4 Nc6 5. Nc3 a6 6. e3 Nf6 7. Nf3 Bf5 8. Be2 e6 9. Qb3 Bb4 10. a3 Bxc3+ 11. bxc3 O-O 12. Qxb7 Qa5 13. O-O Rfc8 14. c4 dxc4 15. Bxc4 Be4 16. Ng5 Nd8 17. Qb3 Bc6 18. Rfc1 h6 19. Nf3 Bxf3 20. gxf3 Nc6 21. Bf1 Nd5 22. Bg3 Nce7 23. e4 Nf6 24. Qb4 Qd8 25. Rxc8 Nxc8 26. Rd1 Ne7 27. Qc5 Ng6 28. Qc7 Qe8 29. d5 exd5 30. exd5 Nh5 31. d6 Rd8 32. d7 Qe7 33. Bxa6 Nxg3 34. hxg3 h5 35. Bb5 h4 36. Qxd8+ Qxd8 37. Re1 Kh7 38. Re8 Qg5 39. d8=Q hxg3 40. Qxg5 1-0

[Event "January 2 Late 2024"]
[Site "https://www.chess.com"]
[Date "2024.01.02"]
[Round "4"]
[White "Pinero Rodriguez, Carlos Jose"]
[Black "Panchenko, Dmitry"]
[Result "0-1"]
[Board "55"]
[TimeControl "180+1"]
[WhiteFideId "3901726"]
[BlackFideId "4169158"]
[WhiteElo "2541"]
[BlackElo "2807"]
[WhiteTeam "VEN"]
[BlackTeam "RUS"]
[WhiteClock "0:00:00"]
[BlackClock "0:01:29"]

1. e4 c6 2. Nc3 d5 3. Qf3 dxe4 4. Nxe4 Nf6 5. Nxf6+ exf6 6. Bc4 Qd4 7. Qb3 Qe4+ 8. Ne2 Bc5 9. Bxf7+ Kf8 10. O-O Qxe2 11. d4 Bxd4 12. Bf4 Qe7 13. Rfe1 Be5 14. Rad1 Nd7 15. Bh5 g6 16. Bh6+ Ke8 17. f4 gxh5 18. Qh3 Qf7 19. Qh4 Qg6 20. fxe5 Qxh6 21. exf6+ Kf8 22. f7 Nf6 23. Rd8+ Kxf7 24. Rxh8 Qg7 25. Rd8 Kg6 26. Re5 h6 27. Qf4 Kh7 28. Rd6 Bh3 29. Re2 Re8 30. Rdd2 Nd5 0-1

[Event "January 2 Late 2024"]
[Site "https://www.chess.com"]
[Date "2024.01.02"]
[Round "4"]
[White "Chirilov, James A"]
[Black "Asish Panda"]
[Result "0-1"]
[Board "56"]
[TimeControl "180+1"]
[WhiteFideId "30976677"]
[BlackFideId "45012458"]
[WhiteElo "2799"]
[BlackElo "2539"]
[WhiteTeam "USA"]
[BlackTeam "IND"]
[WhiteClock "0:00:00"]
[BlackClock "0:00:10"]

1. Nf3 d5 2. g3 Nf6 3. Bg2 e6 4. O-O Be7 5. d3 O-O 6. Nbd2 c5 7. e4 dxe4 8. dxe4 Nc6 9. c3 Qc7 10. Qe2 e5 11. h3 a5 12. Nc4 b6 13. b3 Ba6 14. a4 b5 15. axb5 Bxb5 16. Nfd2 Rfd8 17. Rd1 a4 18. bxa4 Rxa4 19. Rxa4 Bxa4 20. Re1 Bb5 21. Qf3 Na5 22. Ne3 c4 23. g4 Nb3 24. Nxb3 cxb3 25. Nf5 Bf8 26. Bg5 Rd3 27. Qe2 Qxc3 28. Rc1 Qb4 29. Qb2 Qa3 30. Qb1 b2 31. Re1 Rc3 32. Bf1 Bxf1 33. Kxf1 Rxh3 34. Bxf6 Qf3 35. Ng3 gxf6 36. Qd1 Rxg3 37. Qxf3 Rxf3 38. Rb1 Rb3 39. Ke2 Ba3 40. f3 Rc3 41. Kd2 Rc1 42. Rxb2 Bxb2 43. Ke2 Rc2+ 44. Kd3 Rf2 45. Ke3 Bd4+ 46. Kd3 Rxf3+ 47. Kc4 Rf4 48. g5 fxg5 49. Kd5 g4 50. Kd6 g3 51. Ke7 g2 52. Ke8 g1=Q 53. Ke7 Qb1 54. Kd8 Qb7 55. Ke8 Rf3 56. Kd8 Ra3 0-1

[Event "January 2 Late 2024"]
[Site "https://www.chess.com"]
[Date "2024.01.02"]
[Round "4"]
[White "Ismayil, Malak"]
[Black "Lagarde, Maxime"]
[Result "0-1"]
[Board "57"]
[TimeControl "180+1"]
[WhiteFideId "13412604"]
[BlackFideId "662399"]
[WhiteElo "2538"]
[BlackElo "2791"]
[WhiteTeam "AZE"]
[BlackTeam "FRA"]
[WhiteClock "0:00:00"]
[BlackClock "0:00:25"]

1. e4 c6 2. d4 d5 3. Nc3 dxe4 4. Nxe4 Nf6 5. Nxf6+ exf6 6. c3 Bd6 7. Bd3 O-O 8. Qc2 Re8+ 9. Ne2 h5 10. Be3 h4 11. O-O-O b5 12. Kb1 Be6 13. c4 Na6 14. a3 Qa5 15. d5 cxd5 16. cxb5 Rac8 17. Qd2 Bb4 18. axb4 Nxb4 19. b3 a6 20. Nd4 axb5 21. Bxb5 Ra8 22. Ba4 Bd7 23. Nc2 Reb8 24. Bxd7 Qa2+ 25. Kc1 Qxb3 26. Qc3 Qxc3 0-1